AoeStats
← theforceofg

Black Forest

510440867Analyzed
3v3 RM · 2d ago on Oct 1, 2026· 79m 38s· 6 players
Game mode
Random Map
Map size
Normal (6 player)
Population
200
Speed
Normal
Resources
Standard
Victory
Conquest
Starting age
Dark Age
Ending age
Imperial Age
RankedLock teamsTeams togetherTeam positionsShared explorationLock speedFull tech treeHidden civsTurbo modeCheats
Victory
Defeat
🇨🇦 Danes · Canada
917
+11
🇺🇸 Hindustanis · United States
865
+13
🇵🇪 Spanish · Peru
855
+14
🇺🇸 Chinese · United States
837
-14
🇺🇸 Lithuanians · United States
804
-13
🇺🇸 Cumans · United States
769
-11
vmnS;DEVNw;ibFJCQWf'j
1:52 Loom
13:20 Feudal Age
15:09 Fishing Lines
17:04 Horse Collar
17:14 Double-Bit Axe
21:38 Castle Age
19:54 Stone Mining
20:44 Gold Mining
21:15 Forging
21:34 Scale Mail Armor
28:21 Bow Saw
28:17 Heavy Plow
28:59 Stone Shaft Mining
29:02 Gold Shaft Mining
31:22 Wheelbarrow
35:15 Imperial Age
33:49 Hand Cart
33:43 Murder Holes
34:19 Squires
34:05 Arson
33:41 Pikeman
34:07 Gambesons
34:35 Caravan
35:46 Masonry
35:57 Ballistics
35:04 Hamask
35:07 Man-at-Arms
35:32 Capped Ram
35:40 Halberdier
36:43 Conscription
37:30 Chemistry
37:17 Iron Casting
37:10 Elite Jomsviking
39:42 Blast Furnace
40:15 Siege Engineers
39:48 Siege Ram
41:03 Northmen's Fury
41:19 Long Swordsman
41:20 Elite Varangian Guard
42:23 Chain Mail Armor
41:59 Fletching
42:12 Padded Archer Armor
42:17 Scale Barding Armor
44:21 Heavy Scorpion
44:29 Two-Handed Swordsman
47:26 Champion
50:09 Plate Mail Armor
49:36 Bodkin Arrow
53:58 Bracer
54:19 Chain Barding Armor
jhadir
13:18 Feudal Age
19:21 Castle Age
18:29 Double-Bit Axe
18:58 Fishing Lines
21:30 Gillnets
27:24 Bow Saw
27:57 Wheelbarrow
27:10 Horse Collar
32:00 Imperial Age
31:38 Hand Cart
31:49 Heavy Plow
32:12 Gold Mining
32:13 Stone Mining
32:25 Cavalier
33:06 Husbandry
33:16 Bloodlines
33:37 Forging
33:32 Scale Barding Armor
34:32 Chemistry
33:53 Ballistics
34:23 Paladin
35:42 Conscription
37:00 Two-Man Saw
37:13 Stone Shaft Mining
37:39 Iron Casting
37:25 Chain Barding Armor
38:05 Caravan
38:37 Elite Conquistador
40:51 Blast Furnace
40:26 Plate Barding Armor
41:54 Fletching
41:32 Light Cavalry
45:48 Masonry
grahmsmolinski
1:59 Loom
10:11 Feudal Age
14:56 Castle Age
17:14 Double-Bit Axe
18:20 Horse Collar
23:02 Bow Saw
23:55 Wheelbarrow
23:48 Heavy Plow
26:23 Caravan
26:47 Hand Cart
26:18 Town Watch
27:18 Grand Trunk Road
31:17 Imperial Age
29:37 Forging
29:33 Scale Barding Armor
30:36 Bloodlines
30:27 Husbandry
31:06 Iron Casting
30:32 Scale Mail Armor
30:23 Light Cavalry
31:10 Gold Mining
31:11 Stone Mining
33:01 Hoardings
33:30 Chemistry
32:52 Ballistics
32:27 Murder Holes
32:44 Fortified Wall
32:47 Masonry
32:04 Heavy Camel Rider
33:53 Blast Furnace
33:17 Chain Barding Armor
32:53 Fletching
33:46 Hussar
34:04 Elite Ghulam
35:15 Chain Mail Armor
36:44 Imperial Camel Rider
37:01 Siege Elephant
40:16 Gold Shaft Mining
40:16 Stone Shaft Mining
41:15 Herbal Medicine
41:30 Siege Engineers
43:15 Conscription
43:24 Bodkin Arrow
43:29 Padded Archer Armor
44:07 Plate Barding Armor
49:23 Bracer
49:39 Leather Archer Armor
52:21 Shatagni
52:43 Conscription
65:24 Fervor
65:25 Redemption
65:36 Sanctity
65:16 Devotion
65:41 Illumination
65:32 Block Printing
65:52 Theocracy
69:49 Faith
70:25 Coinage
76:35 Two-Man Saw
hamiltonjd15
0:47 Loom
11:57 Feudal Age
12:30 Double-Bit Axe
13:25 Horse Collar
19:20 Stone Mining
25:19 Castle Age
24:14 Wheelbarrow
26:44 Hand Cart
26:31 Heavy Plow
26:45 Bow Saw
26:28 Gold Mining
27:16 Town Watch
28:12 Gold Shaft Mining
27:44 Caravan
32:37 Imperial Age
31:14 Fletching
31:31 Padded Archer Armor
31:38 Scale Barding Armor
31:44 Forging
30:57 Pikeman
31:38 Squires
31:23 Arson
34:47 Elite Kipchak
36:38 Chemistry
36:59 Bodkin Arrow
37:21 Leather Archer Armor
37:27 Chain Barding Armor
37:43 Iron Casting
37:09 Scale Mail Armor
40:01 Hoardings
39:31 Steppe Husbandry
40:32 Ballistics
40:08 Murder Holes
40:24 Masonry
41:26 Ring Archer Armor
41:59 Blast Furnace
41:35 Plate Barding Armor
41:42 Crop Rotation
42:16 Two-Man Saw
41:04 Halberdier
50:20 Man-at-Arms
51:08 Long Swordsman
52:28 Chain Mail Armor
52:16 Two-Handed Swordsman
71:18 Light Cavalry
72:10 Bloodlines
noahubert
0:56 Loom
12:29 Feudal Age
20:15 Castle Age
23:29 Wheelbarrow
28:30 Forging
30:17 Horse Collar
31:40 Hand Cart
31:18 Double-Bit Axe
36:05 Imperial Age
33:49 Caravan
34:45 Pikeman
34:46 Man-at-Arms
35:16 Town Watch
36:09 Iron Casting
36:38 Elite Leitis
37:52 Scale Barding Armor
38:36 Bow Saw
38:28 Heavy Plow
40:17 Conscription
41:49 Two-Man Saw
42:06 Bloodlines
42:03 Long Swordsman
45:04 Crop Rotation
44:42 Scale Mail Armor
45:02 Chain Barding Armor
44:46 Town Patrol
45:41 Husbandry
51:15 Cavalier
58:17 Halberdier
theforceofg
0:28 Loom
12:38 Feudal Age
13:49 Double-Bit Axe
20:59 Castle Age
18:56 Horse Collar
22:04 Town Watch
22:21 Heavy Plow
22:37 Stone Mining
23:50 Bow Saw
32:28 Imperial Age
30:35 Wheelbarrow
30:32 Fortified Wall
30:44 Ballistics
30:42 Gold Mining
30:51 Fletching
31:27 Pikeman
32:33 Forging
33:51 Conscription
35:09 Two-Man Saw
35:32 Chemistry
35:12 Thumb Ring
35:35 Bodkin Arrow
37:37 Squires
37:05 Crossbowman
38:51 Halberdier
40:28 Iron Casting
39:54 Padded Archer Armor
39:57 Scale Mail Armor
41:11 Hand Cart
41:00 Bracer
42:11 Caravan
44:15 Murder Holes
44:46 Leather Archer Armor
47:31 Blast Furnace
46:48 Chain Mail Armor
Connection lost

Rejoining the realm…

Still unreachable

The connection could not be restored.

Session expired

The server has moved on; the page needs a fresh start.